Map: Deathaura LE

Players

NeoShaGgy

  • Race: Zerg Zerg
  • League: Master
  • Spawn Location: 11:00

Heeebster - Winner!

  • Race: Protoss Protoss
  • League: Diamond
  • Spawn Location: 5:00

VOD

Have the link to the VOD?

Description

Time

  • Played on: Nov. 17, 2020, 1:11 p.m.
  • Length: 3:28
Show
View Real Time Build Order
Export as new Build Order

NeoShaGgy Zerg 

Build Orders: Hatch First 

Get SALT Encoding   

  12  0:00  Drone  
  13  0:08  Drone  
  14  0:17  Overlord  
  14  0:40  Hatchery  
  13  0:45  Drone  
  13  0:48  Drone  
  15  0:55  Drone  
  15  0:56  Drone  
  17  1:07  Drone  
  18  1:16  Spawning Pool  
  17  1:19  Extractor  
  17  1:21  Drone  
  17  1:28  Drone  
  18  1:40  Drone  
  19  1:51  Overlord  
  19  1:53  Drone  
  20  2:03  Queen x2  
  24  2:09  Zergling x4  
  24  2:14  Spine Crawler  
  25  2:19  Spine Crawler  
  24  2:24  Zergling x2  
  25  2:32  Zergling x2  
  25  2:33  Zergling x2  
  25  2:35  Zergling x2  
  27  2:38  Zergling x2  
  27  2:42  Zergling x2  
  27  2:48  Zergling x2  
  18  3:07  Zergling x4  
Show
View Real Time Build Order
Export as new Build Order

Heeebster Protoss - Winner!

Build Orders:  

Get SALT Encoding   

  12  0:00  Probe  
  13  0:12  Probe  
  14  0:24  Probe  
  15  0:38  Pylon  
  15  0:56  Gateway  
  15  0:57  Gateway  
  15  1:03  Gateway  
  15  1:09  Gateway  
  15  1:12  Probe  
  16  1:24  Pylon, Probe  
  17  1:42  Zealot (Chrono Boost)  
  17  1:44  Zealot (Chrono Boost)  
  23  1:55  Zealot (Chrono Boost)  
  23  2:00  Pylon  
  25  2:03  Zealot (Chrono Boost)  
  25  2:08  Zealot (Chrono Boost)  
  27  2:14  Zealot (Chrono Boost)  
  29  2:20  Zealot (Chrono Boost)  
  31  2:23  Zealot  
  33  2:39  Zealot  
  35  2:47  Zealot x2  
  39  3:05  Pylon  
Tags
 
Matchup
PvZ
Replay Pack
Replays
Spawn Locations
Cross Positions
Add a new tag
Caveats
  • Supply blocks, unpowered buildings, or Contaminate may cause inaccurate times.
  • Supply counts are checked every 10 seconds.